 Dungeon Crawl Stone Soup version 0.27-a0-808-g60bc5d92e6 (webtiles) character file.

Game seed: 8251683763178159495

13 sizableburger the Digger (level 2, 0/15 HPs)
             Began as a Deep Elf Earth Elementalist on Mar 28, 2021.
             Succumbed to a scorpion's poison
             ... on level 2 of the Dungeon.
             The game lasted 00:03:29 (1666 turns).

sizableburger the Digger (DEEE)                     Turns: 1666, Time: 00:03:30

Health: 0/15       AC: 10    Str:  5    XL:     2   Next: 24%
Magic:  0/8        EV: 12    Int: 19    God:
Gold:   12         SH:  0    Dex: 15    Spells: 6/7 levels left

rFire    . . .     SeeInvis .   f - +1 short sword (protect)
rCold    . . .     Faith    .   (no shield)
rNeg     . . .     Spirit   .   c - +0 robe
rPois    .         Reflect  .   (no helmet)
rElec    .         Harm     .   (no cloak)
rCorr    .         Rampage  .   (no gloves)
Will     .....                  i - +0 pair of boots
Stlth    ++........             h - amulet of regeneration
HPRegen  1.05/turn              (no ring)
MPRegen  0.11/turn              (no ring)

@: lethally poisoned (0 -> -4), protection aura
A: no striking features
a: no special abilities


You were on level 2 of the Dungeon.
You visited 1 branch of the dungeon, and saw 2 of its levels.

You collected 12 gold pieces.

Inventory:

Hand Weapons
 f - a +1 short sword of protection (weapon)
Missiles
 b - 24 stones
 g - 4 curare-tipped darts
Armour
 c - a +0 robe (worn)
 i - a +0 pair of boots (worn)
Jewellery
 h - an amulet of regeneration (around neck)
Scrolls
 a - a scroll of vulnerability


   Skills:
 + Level 0.9 Short Blades
 - Level 2.5 Dodging
 - Level 2.5 Stealth
 - Level 3.0 Spellcasting
 - Level 1.3 Transmutations
 + Level 3.6 Earth Magic


You had 6 spell levels left.
You knew the following spells:

 Your Spells              Type           Power      Damage    Failure   Level
a - Sandblast             Erth           32%        2d9       3%          1

Your spell library contained the following spells:

 Spells                   Type           Power      Damage    Failure   Level
 Passwall                 Tmut/Erth      10%        N/A       9%          2
 Stone Arrow              Conj/Erth      18%        3d8       22%         3
 Petrify                  Tmut/Erth      12%        N/A       47%         4
 Lee's Rapid Deconstruct  Erth           8%         3d8*      67%         5


Dungeon Overview and Level Annotations

Branches:
Dungeon (2/15)

Altars:


Message History

The scorpion stings you but does no damage.
Casting: Sandblast (safe; 3% risk of failure)
Confirm with . or Enter, or press ? or * to list all spells.
You don't have enough magic to cast this spell.
Unknown command.
Okay, then.
You aren't carrying any potions.
As you read the scroll labelled NABOPSI FINOOMN, it crumbles to dust.
It is a scroll of identify.
a - a scroll of vulnerability You feel sick.
The scorpion barely misses you.
As you read the scroll labelled VOEV CONYATI, it crumbles to dust.
It is a scroll of enchant weapon.
Your +0 short sword of protection glows red for a moment.
You feel sick. The scorpion misses you.
Casting: Sandblast (safe; 3% risk of failure)
Confirm with . or Enter, or press ? or * to list all spells.
Okay, then.
You barely miss the scorpion.
The scorpion is severely wounded.
You feel sick. The scorpion barely misses you.
You hit the scorpion but do no damage.
Your weapon exudes an aura of protection.
The scorpion is severely wounded.
You feel sick. The scorpion barely misses you. The scorpion stings you.
* * * LOW HITPOINT WARNING * * *
You are lethally poisoned!
The scorpion poisons you!
You hit the scorpion but do no damage.
The scorpion is severely wounded.
* * * LOW HITPOINT WARNING * * *
You feel very sick. The scorpion barely misses you.
Unknown command.
Casting: Sandblast (safe; 3% risk of failure)
Confirm with . or Enter, or press ? or * to list all spells.
You don't have enough magic to cast this spell.
Unknown command.
Unknown command.
You die...

#..........###.##
#................
#.........†.##.##
#..............##
####........[.##..##
#...#######+####..#.
#...# .. #..#.
#...##<# #..#.
#..@'s.# #..#.
#...##.# +. #...# #
#. ...... #< #.#####
#. ... #. ..# ## #.


You could see a scorpion.

Vanquished Creatures
  An endoplasm (D:1)
  2 giant cockroaches (D:2)
  A goblin (D:1)
  A hobgoblin (D:1)
  2 kobolds (D:1)
  3 ball pythons (D:1)
  A frilled lizard (D:2)
  2 rats
13 creatures vanquished.

Notes
Turn   | Place    | Note
-------+----------+-------------------------------------------
     0 | D:1      | sizableburger the Deep Elf Earth Elementalist began the
                  | quest for the Orb.
     0 | D:1      | Reached XP level 1. HP: 10/10 MP: 6/6
  1507 | D:1      | Reached XP level 2. HP: 15/15 MP: 5/8
  1619 | D:2      | Noticed a scorpion
  1666 | D:2      | Succumbed to a scorpion's poison

Illustrated notes

Levels and vault maps discovered:
D:1:      ebering_trefoil_twist, layout_basic, kennysheep_small_spiral,
          minmay_liquid_box
D:2:      layout_basic, grunt_qazlal_clouds, grunt_dithmenos_smoke_and_mirrors

Action                   || total
-------------------------++-------
Melee: Short sword       ||    22
 Cast: Sandblast         ||    31
  Use: Scroll            ||     2
       Potion            ||     2
 Stab: Sleeping          ||     1
Armor: Skin              ||    23
       Robe              ||     2
Dodge: Dodged            ||    16

Table legend: (Time is in decaauts)
 A = Elapsed time spent in this place.
 B = Non-inter-level travel time spent in this place.
 C = Inter-level travel time spent in this place.
 D = Time resting spent in this place.
 E = Time spent auto-exploring this place.
 F = Levels seen in this place.
 G = Mean time per level.
                   A        B        C        D        E       F      G
               +--------+--------+--------+--------+--------+-----+--------+
         Total |   1666 |   1605 |     61 |    221 |   1233 |   2 |  833.0 |
       Dungeon |   1666 |   1605 |     61 |    221 |   1233 |   2 |  833.0 |
               +--------+--------+--------+--------+--------+-----+--------+

Top non-repeatable levels by time:
     D:1: 1550 daAuts
     D:2: 115 daAuts
